 Dungeon Crawl Stone Soup version 0.29-a0-284-gf9362112df (webtiles) character file.

Game seed: 2999478226884027819

45 gzilladon the Skirmisher (level 3, -2/33 HPs)
             Began as a Hill Orc Fighter on Mar 25, 2022.
             Slain by Robin
             ... wielding a +0 club
              (4 damage)
             ... on level 2 of the Dungeon.
             The game lasted 00:02:19 (609 turns).

gzilladon the Skirmisher (Hill Orc Fighter)          Turns: 609, Time: 00:02:20

Health: -2/33      AC:  8    Str: 20    XL:     3   Next: 64%
Magic:  3/3        EV:  9    Int:  8    God:
Gold:   33         SH:  4    Dex: 10    Spells: 2/2 levels left

rFire   . . .      SeeInvis .   a - +0 war axe
rCold   . . .      Faith    .   c - +0 buckler
rNeg    . . .      Spirit   .   b - +0 scale mail
rPois   .          Reflect  .   h - +0 helmet
rElec   .          Harm     .   (no cloak)
rCorr   .          Rampage  .   (no gloves)
Will    .....                   (no boots)
Stlth   ..........              (no amulet)
HPRegen 0.11/turn               (no ring)
MPRegen 0.08/turn               (no ring)

@: mighty, lethally poisoned (-2 -> -3)
A: no striking features
a: no special abilities


You were on level 2 of the Dungeon.
You visited 1 branch of the dungeon, and saw 2 of its levels.

You collected 33 gold pieces.

Inventory:

Hand Weapons
 a - a +0 war axe (weapon)
Missiles
 g - 44 stones (quivered)
Armour
 b - a +0 scale mail (worn)
 c - a +0 buckler (worn)
 h - a +0 helmet (worn)
Scrolls
 e - a scroll of torment {unknown}
 i - a scroll of teleportation {unknown}
Potions
 f - a potion of haste {unknown}
 j - a potion of heal wounds {unknown}


   Skills:
 + Level 4.2 Fighting
 + Level 3.5 Axes
 + Level 3.8 Armour
 + Level 3.5 Shields


You had 2 spell levels left.
You didn't know any spells.
Your spell library was empty.

Dungeon Overview and Level Annotations

Branches:
Dungeon (2/15)

Altars:

Annotations:
D:2 Robin


Message History

You feel very sick.
The goblin no longer looks unusually strong.
The hobgoblin hits you but does no damage.
The hobgoblin hits you.
You barely miss the hobgoblin.
The hobgoblin is almost dead.
You slash the hobgoblin!
You kill the hobgoblin!
You hit the goblin.
You kill the goblin!
You feel sick.
The hobgoblin no longer looks unusually strong.
The hobgoblin hits you but does no damage.
Robin roars a battlecry!
The goblins go into a battle-frenzy!
Robin throws the goblin at you! The hobgoblin hits you.
* * * LOW HITPOINT WARNING * * *
The goblin closely misses you.
You hear a shout! x3
You barely miss the hobgoblin.
The hobgoblin is almost dead.
You hit the goblin but do no damage. You hit the goblin.
You feel sick.
The hobgoblin hits you but does no damage.
You block the goblin's attack.
You feel very mighty all of a sudden.
You feel sick.
A goblin comes into view. It is wielding a +0 club.
The hobgoblin closely misses you. The goblin hits you with a +0 club.
* * * LOW HITPOINT WARNING * * *
The goblin closely misses you.
You slice the hobgoblin!!
You kill the hobgoblin!
You slash the goblin!
You kill the goblin!
You closely miss the goblin.
* * * LOW HITPOINT WARNING * * *
You feel sick. You block the goblin's attack.
A goblin comes into view. It is wielding a +0 club.
The goblin completely misses you. Robin hits you with a +0 club.
You die...

##†######## #....#
#.>....... ##....#
#.........
##.....#
#......... ......#
#......... #....#
#......... #....
##.........
##.#.###..†.......
#...g.g..g@g......
#..#.####.).......
>... #.#
########## "...
#g# .## .g. ...#.
....... ...... g.
....... ..g


You could see Robin and 3 goblins.

Vanquished Creatures
  3 dart slugs (D:1)
  A bat (D:1)
  3 endoplasms
  4 giant cockroaches
  4 goblins (D:2)
  7 hobgoblins
  2 jackals (D:1)
  A quokka (D:1)
  5 ball pythons (D:1)
  A frilled lizard (D:1)
  2 kobolds (D:1)
  2 rats (D:1)
35 creatures vanquished.

Notes
Turn   | Place    | Note
-------+----------+-------------------------------------------
     0 | D:1      | gzilladon the Hill Orc Fighter began the quest for the Orb.
     0 | D:1      | Reached XP level 1. HP: 19/19 MP: 1/1
    93 | D:1      | Reached XP level 2. HP: 24/27 MP: 2/2
   159 | D:1      | Reached skill level 4 in Fighting
   169 | D:1      | Found a faded altar of an unknown god.
   234 | D:1      | Reached XP level 3. HP: 32/33 MP: 3/3
   592 | D:2      | Noticed Robin
   609 | D:2      | Slain by Robin

Illustrated notes

Levels and vault maps discovered:
D:1:      mrwooster_arrival_statue_2, layout_rooms, ebering_ecumenical_altar_box
D:2:      layout_rooms, basic_altar, st_stairs_14, uniq_robin, uniq_sigmund

Skill      XL: |  1  2 |
---------------+-------+-----
Fighting       | 4 |  4.2
Axes           | 3 |  3.5
Armour         | |  3.8
Shields        | |  3.5

Action                   || total
-------------------------++-------
Melee: War axe           ||    58
  Use: Potion            ||     1
Armor: Scale mail        ||    33
Dodge: Dodged            ||    40
Block: Buckler           ||    15

Table legend: (Time is in decaauts)
 A = Elapsed time spent in this place.
 B = Non-inter-level travel time spent in this place.
 C = Inter-level travel time spent in this place.
 D = Time resting spent in this place.
 E = Time spent auto-exploring this place.
 F = Levels seen in this place.
 G = Mean time per level.
                   A        B        C        D        E       F      G
               +--------+--------+--------+--------+--------+-----+--------+
         Total |    630 |    613 |     17 |     71 |      0 |   2 |  315.0 |
       Dungeon |    630 |    613 |     17 |     71 |      0 |   2 |  315.0 |
               +--------+--------+--------+--------+--------+-----+--------+

Top non-repeatable levels by time:
     D:1: 554 daAuts
     D:2: 76 daAuts
